 Dungeon Crawl Stone Soup version 0.32-a0-470-g255bbe2f98 (webtiles) character file.

Game seed: 7504048275948977417

142 Kenran the Shooter (level 5, -3/45 HPs)
             Began as a Minotaur Hedge Wizard on Feb 25, 2024.
             Slain by Grinder (6 damage)
             ... on level 3 of the Dungeon.
             The game lasted 00:05:29 (2978 turns).

Kenran the Shooter (Minotaur Hedge Wizard)          Turns: 2978, Time: 00:05:30

Health: -3/45      AC:  2    Str: 11 (14) XL:     5   Next: 3%
Magic:  6/6        EV: 12    Int:  9 (11) God:
Gold:   164        SH:  0    Dex: 10 (12) Spells: 7/8 levels left

rFire   . . .        a - +0 sling
rCold   . . .        (no shield)
rNeg    . . .        i - +0 robe
rPois   .            c - +0 hat
rElec   .            (no cloak)
rCorr   .            (no gloves)
SInv    .            (no boots)
Will    .....        (no amulet)
Stlth   ++           (no ring)
HPRegen 0.27/turn    (no ring)
MPRegen 0.10/turn

%: no passive effects
@: on berserk cooldown, slowed, very slow
A: horns 2, retaliatory headbutt, low MP 1, MP-powered wands
a: no special abilities


You were on level 3 of the Dungeon.
You visited 1 branch of the dungeon, and saw 3 of its levels.

You collected 164 gold pieces.

Inventory:

Hand Weapons
 a - a +0 sling (weapon)
 b - a +0 dagger
 h - a +0 flail
Armour
 c - a +0 hat (worn)
 i - a +0 robe (worn)
Wands
 e - a wand of polymorph (4)
 l - a wand of charming (7)
Scrolls
 f - 2 scrolls of teleportation {unknown}
 g - 2 scrolls of fear {unknown}
 j - 2 scrolls of fog {unknown}
 k - a scroll of poison {unknown}
 m - a scroll of silence {unknown}
 n - a scroll of blinking {unknown}
 o - 2 scrolls of identify {unknown}
 r - a scroll of brand weapon {unknown}
Potions
 d - a potion of magic


   Skills:
 - Level 3.2 Fighting
 + Level 4.0 Ranged Weapons
 - Level 2.1 Dodging
 - Level 1.5 Stealth
 - Level 2.1 Spellcasting
 - Level 0.6 Conjurations
 - Level 0.6 Summonings
 - Level 0.6 Translocations


You had 7 spell levels left.
You knew the following spells:

 Your Spells              Type           Power      Damage    Failure   Level
a - Magic Dart            Conj           8%         1d3       26%         1

Your spell library contained the following spells:

 Spells                   Type           Power      Damage    Failure   Level
 Slow                     Hex            0%         N/A       32%         1
 Blink                    Tloc           4%         N/A       36%         2
 Call Imp                 Summ           4%         N/A       36%         2
 Cigotuvi's Dreadful Rot  Necr/Alch/Air  0%         N/A       45%         2
 Mephitic Cloud           Conj/Alch/Air  1%         N/A       67%         3


Dungeon Overview and Level Annotations

Branches:
Dungeon (3/15)

Altars:
Ru

Annotations:
D:3 Grinder


Innate Abilities, Weirdness & Mutations

You have a pair of horns on your head.
You reflexively headbutt those who attack you in melee.
Your magical capacity is low. (-10% MP)
You expend magic power (3 MP) to strengthen your wands.


Message History

You writhe in agony.
* * * LOW HITPOINT WARNING * * *
You are too berserk!
b - a +0 dagger (weapon)
You feel a strong urge to attack something.
Okay, then.
Unknown command.
You closely miss Grinder.
Grinder is severely wounded.
Grinder hits you but does no damage.
You hit Grinder. You headbutt Grinder.
Grinder is almost dead.
Grinder blinks!
Okay, then.
You feel a strong urge to attack something.
You are no longer berserk.
You are exhausted.
You feel yourself slow down.
a - a +0 sling (weapon)
Grinder blinks!
Fire: a) +0 sling
Press: ? - help, Q - select action, (/) - cycle Shift-Dir - straight line, f/p - Grinder
Aim: Grinder (almost dead, 52% to hit)
You shoot a sling bullet.
The sling bullet closely misses Grinder.
Grinder gestures at you.
You suddenly lose the ability to move!
You can move again.
Unknown command.
Fire: a) +0 sling
Press: ? - help, Q - select action, (/) - cycle Shift-Dir - straight line, f/p - Grinder
Aim: Grinder (almost dead, 52% to hit)
You shoot a sling bullet.
The sling bullet hits Grinder but does no damage.
Grinder is almost dead.
Grinder hits you!
* * * LOW HITPOINT WARNING * * *
You writhe in agony.
You die...
Grinder says, "Hey, I wasn't done torturing you yet!"

.... .# #..######.###.## #
#..###.# #..######.# #.# #
.....#.# #.........# #.# #
#..#.#.# #.###########'## #
...#.#.#####.##### ##...## #
#ยง##.#.#.........# ##.....## #
.......#.##....#.# ##.......## #
..##.###.#.#.....###.........####
...............5@..'.........+...
..##.###..##.....###.........####
.###.# #..##.#...# ##.......## #
# #.# #.#.#.#.#.# ##.)...## # ..#
#.........# ##...## # .##
#####.##### ##+## # #.
#####.###########.# #.
#..............##.# #.
#.###.##.#####.##.##


You could see Grinder.

Vanquished Creatures
  A bombardier beetle (D:3)
  3 adders
  A white imp (D:3)
  A dart slug (D:2)
  A ribbon worm (D:2)
  4 orcs (D:3)
  4 endoplasms
  5 giant cockroaches
  5 goblins
  7 hobgoblins
  9 jackals
  4 kobolds
  2 quokkas (D:1)
  4 ball pythons
  5 bats
  2 frilled lizards (D:1)
  5 rats
63 creatures vanquished.

Notes
Turn   | Place    | Note
-------+----------+-------------------------------------------
     0 | D:1      | Kenran the Minotaur Hedge Wizard began the quest for the
                  | Orb.
     0 | D:1      | Reached XP level 1. HP: 14/14 MP: 2/2
    38 | D:1      | Reached skill level 1 in Fighting
   148 | D:1      | Reached XP level 2. HP: 24/24 MP: 4/4
   886 | D:1      | Found a faded altar of an unknown god.
  1142 | D:2      | Reached XP level 3. HP: 31/31 MP: 5/5
  1209 | D:2      | Reached skill level 1 in Ranged Weapons
  1544 | D:2      | Reached skill level 2 in Ranged Weapons
  1589 | D:2      | Reached XP level 4. HP: 38/38 MP: 6/6
  1718 | D:2      | Found a sacrificial altar of Ru.
  2184 | D:3      | Reached skill level 3 in Ranged Weapons
  2256 | D:3      | Gained mutation: Your magical capacity is low. (-10% MP)
                  | [potion of mutation]
  2256 | D:3      | Gained mutation: You expend magic power (3 MP) to
                  | strengthen your wands. [potion of mutation]
  2591 | D:3      | Reached skill level 4 in Ranged Weapons
  2592 | D:3      | Reached XP level 5. HP: 24/45 MP: 6/6
  2929 | D:3      | Noticed Grinder
  2974 | D:3      | Paralysed by Grinder for 4 turns
  2978 | D:3      | Slain by Grinder

Illustrated notes

Levels and vault maps discovered:
D:1:      ncdulo_wetmaze, layout_basic, hellmonk_ecumenical_altar_leap_of_faith
D:2:      layout_basic, basic_altar, hangedman_decor_lopped
D:3:      layout_loops_corners, dk_vineyard_1, uniq_grinder

Skill      XL: |  1  2  3  4 |
---------------+-------------+-----
Fighting       | 2 3 |  3.2
Ranged Weapons | 2 4 |  4.0
Dodging        | |  2.1
Stealth        | |  1.5
Spellcasting   | |  2.1
Conjurations   | |  0.6
Summonings     | |  0.6
Translocations | |  0.6

Action                     |  1- 3 |  4- 6 || total
---------------------------+-------+-------++-------
  Melee: Dagger            |    59 |     5 ||    64
         Headbutt          |     8 |     1 ||     9
         Unarmed           |       |     2 ||     2
   Fire: Sling             |    54 |   108 ||   162
   Cast: Magic Dart        |    23 |       ||    23
  Evoke: Wand              |       |     1 ||     1
    Use: Potion            |       |     4 ||     4
   Stab: Sleeping          |     3 |       ||     3
 Armour: Robe              |    33 |    44 ||    77
  Dodge: Dodged            |    58 |    48 ||   106

Table legend: (Time is in decaauts)
 A = Elapsed time spent in this place.
 B = Non-inter-level travel time spent in this place.
 C = Inter-level travel time spent in this place.
 D = Time resting spent in this place.
 E = Time spent auto-exploring this place.
 F = Levels seen in this place.
 G = Mean time per level.
                   A        B        C        D        E       F      G
               +--------+--------+--------+--------+--------+-----+--------+
         Total |   3018 |   2864 |    154 |    616 |   1696 |   3 | 1006.0 |
       Dungeon |   3018 |   2864 |    154 |    616 |   1696 |   3 | 1006.0 |
               +--------+--------+--------+--------+--------+-----+--------+

Top non-repeatable levels by time:
     D:1: 1146 daAuts
     D:2: 1119 daAuts
     D:3: 753 daAuts
